 Dungeon Crawl Stone Soup version 0.21-a0-504-g2eda330 (webtiles) character file.

488 vineage the Cleaver (level 6, -6/51 HPs)
             Began as a Minotaur Fighter on Nov 25, 2017.
             Killed by Freeze
             ... invoked by ZomBoFoB's ghost
              (11 damage)
             ... on level 4 of the Dungeon.
             The game lasted 00:04:34 (2629 turns).

vineage the Cleaver (Minotaur Fighter)              Turns: 2629, Time: 00:04:35

Health: -6/51      AC: 11    Str: 22    XL:     6   Next: 90%
Magic:  0/5        EV:  4    Int:  5    God:
Gold:   130        SH:  9    Dex: 10    Spells: 5/5 levels left

rFire    + + .     SeeInvis .   a - +0 war axe
rCold    x . .     Gourm    .   c - +0 shield
rNeg     . . .     Faith    .   v - +0 plate armour
rPois    .         Spirit   +   (helmet restricted)
rElec    .         Reflect  .   (no cloak)
rCorr    .         Harm     .   (no gloves)
MR       .....                  (no boots)
Stlth    ..........             r - amulet of guardian spirit
HPRegen  0.17/turn              w - ring of fire
MPRegen  0.09/turn              p - ring of protection from fire

@: no status effects
A: retaliatory headbutt, horns 2
a: no special abilities


You were on level 4 of the Dungeon.
You were not hungry.

You visited 1 branch of the dungeon, and saw 4 of its levels.

You collected 130 gold pieces.

Inventory:

Hand Weapons
 a - a +0 war axe (weapon)
Armour
 b - a +0 scale mail
 c - a +0 shield (worn)
 v - a +0 plate armour (worn)
Jewellery
 e - an uncursed ring of flight
 p - a ring of protection from fire (right hand)
 r - an amulet of guardian spirit (around neck)
 u - a +4 ring of intelligence
 w - a ring of fire (left hand)
Scrolls
 g - 3 scrolls of fog
 h - a scroll of amnesia
 i - a scroll of identify
 l - 3 scrolls of teleportation
 t - 2 scrolls of fear
 x - 2 scrolls of remove curse
Potions
 d - a potion of ambrosia {unknown}
 k - a potion of resistance
 z - a potion of berserk rage
Comestibles
 f - 3 bread rations
 n - a royal jelly
 o - 9 fruits
 s - a meat ration


   Skills:
 - Level 3.6 Fighting
 + Level 9.1 Axes
 - Level 3.6 Armour
 - Level 3.6 Shields


You had 5 spell levels left.
You didn't know any spells.

Dungeon Overview and Level Annotations

Branches:
Dungeon (4/15)
 Temple: D:4-7

Altars:
Zin

Annotations:
D:4 ZomBoFoB's ghost, amateur DrIE


Innate Abilities, Weirdness & Mutations

You reflexively headbutt those who attack you in melee.
You have a pair of horns on your head.


Message History

Your plate armour prevents you from hitting ZomBoFoB's ghost.
You headbutt ZomBoFoB's ghost!
ZomBoFoB's ghost is severely damaged.
ZomBoFoB's ghost points at you and mumbles some strange words.
The puff of frost hits you!
You feel a terrible chill!
You slash ZomBoFoB's ghost!
ZomBoFoB's ghost is almost destroyed.
ZomBoFoB's ghost casts a spell at you.
You are frozen.
* * * LOW HITPOINT WARNING * * *
Your magical contamination has completely faded away.
You closely miss ZomBoFoB's ghost.
ZomBoFoB's ghost is almost destroyed.
ZomBoFoB's ghost casts a spell at you. You block the puff of frost.
You hit ZomBoFoB's ghost.
ZomBoFoB's ghost is almost destroyed.
ZomBoFoB's ghost points at you and mumbles some strange words.
You are frozen.
You die...

#...........#.#..#....,,******,*,
.................#(...,,,*****,**
........<.<..........##.,,,*,,,,,
..............#.........,*,,,**,,
..............#.........,,,>,,,,,
........................,,,,,,**,
...............#........,****,,,,
..............##........,*****,,,
......#.....#...@W.#,,,,,,,,,,,,>
....###.......#....#,**,,,,,****,
........#...###...#..#*,,,,,* **
.<..#####..##*#..##,##*,,,,,*
....# *#..#*,...#*,* *,,,,,*
....#**#...#,....#*,* *******
,,,,,,....##,....#*,*
,,,,*##....*....##*,*
,,,,,,....,,,,,,***,*


You could see ZomBoFoB's ghost.

Vanquished Creatures
  Sigmund (D:2)
  The ghost of hexaflexagon the Charlatan, an amateur GnAr (D:3)
  A hound (D:4)
  An orc priest (D:3)
  An iguana (D:3)
  2 adders
  An ooze (D:1)
  4 worms
  6 dart slugs
  A leopard gecko (D:3)
  7 orcs (D:3)
  8 bats
  2 giant cockroaches (D:1)
  7 goblins
  7 hobgoblins
  A ball python (D:2)
  3 frilled lizards
  10 kobolds
  12 rats
76 creatures vanquished.

Notes
Turn   | Place    | Note
-------+----------+-------------------------------------------
     0 | D:1      | vineage the Minotaur Fighter began the quest for the Orb.
     0 | D:1      | Reached XP level 1. HP: 19/19 MP: 0/0
    60 | D:1      | Reached skill level 3 in Axes
    61 | D:1      | Reached XP level 2. HP: 23/26 MP: 1/1
   283 | D:1      | Reached skill level 4 in Axes
   596 | D:1      | Reached XP level 3. HP: 31/31 MP: 2/2
   884 | D:2      | Reached skill level 5 in Axes
  1351 | D:2      | Noticed Sigmund
  1366 | D:2      | Killed Sigmund
  1366 | D:2      | Reached skill level 7 in Axes
  1366 | D:2      | Reached XP level 4. HP: 11/39 MP: 3/3
  1366 | D:2      | Reached XP level 5. HP: 13/45 MP: 4/4
  1378 | D:2      | Found a glowing silver altar of Zin.
  1884 | D:3      | HP: 1/45 [orc priest/divine providence (9)]
  1885 | D:3      | Reached XP level 6. HP: 1/51 MP: 0/5
  1989 | D:3      | Noticed hexaflexagon's ghost (amateur GnAr)
  2012 | D:3      | Killed hexaflexagon's ghost
  2012 | D:3      | Reached skill level 8 in Axes
  2589 | D:4      | Reached skill level 9 in Axes
  2595 | D:4      | Noticed ZomBoFoB's ghost (amateur DrIE)
  2629 | D:4      | Killed from afar by ZomBoFoB's ghost

Vault maps used:
D:1:      dpeg_arrival_rooms_a, dk_noncrumbling_3
D:2:      lemuel_round_altar, hangedman_decor_growths, uniq_sigmund
D:4:      minitemple, first_bread, st_stairs_14

Skill      XL: |  1  2  3  4  5  6 |
---------------+-------------------+-----
Axes           | 3 4 7 9 |  9.1
Fighting       | |  3.6
Armour         | |  3.6
Shields        | |  3.6

Action                   |  1- 3 |  4- 6 || total
-------------------------+-------+-------++-------
Melee: War axe           |   112 |   103 ||   215
       Headbutt          |    12 |    20 ||    32
  Use: Potion            |     2 |     2 ||     4
       Scroll            |       |    11 ||    11
  Eat: Chunk             |     1 |     5 ||     6
Armor: Scale mail        |    66 |       ||    66
       Plate armour      |       |    51 ||    51
Dodge: Dodged            |    21 |    13 ||    34
Block: Shield            |    48 |    40 ||    88

Table legend:
 A = Spawn XP
 B = Non-spawn XP
 C = Spawn XP percentage of total XP
 D = Spawn monster count
 E = Non-spawn monster count
 F = Spawn count percentage of total count
 G = Total turns spent on level
                    A         B        C        D         E        F      G
               +---------+---------+-------+---------+---------+-------+---------
         Total |       0 |     698 |   0.0 |       0 |      76 |   0.0 |  2629
               +---------+---------+-------+---------+---------+-------+---------
           D:1 |       0 |      49 |   0.0 |       0 |      27 |   0.0 |   725
           D:2 |       0 |     272 |   0.0 |       0 |      18 |   0.0 |  1024
           D:3 |       0 |     322 |   0.0 |       0 |      29 |   0.0 |   836
           D:4 |       0 |      55 |   0.0 |       0 |       2 |   0.0 |    44
               +---------+---------+-------+---------+---------+-------+---------
